AoeStats
← gokhandg100

Coastal Forest

510568547Analyzed
2v2 RM · 17h ago on Oct 1, 2026· 62m 47s· 4 players
Game mode
Random Map
Map size
Medium (4 player)
Population
200
Speed
Normal
Resources
Standard
Victory
Conquest
Starting age
Dark Age
Ending age
Imperial Age
RankedLock teamsTeams togetherTeam positionsShared explorationLock speedFull tech treeHidden civsTurbo modeCheats
Victory
Defeat
🇨🇱 Mongols · Chile
490
+27
🇦🇺 Burgundians · Australia
465
+19
🇹🇷 Lithuanians · Türkiye
579
-20
🇬🇧 Byzantines · United Kingdom
498
-17
Go-kun
11:20 Feudal Age
12:31 Horse Collar
12:39 Double-Bit Axe
15:06 Bloodlines
23:39 Castle Age
24:34 Husbandry
23:59 Light Cavalry
24:48 Thumb Ring
27:23 Gold Mining
27:43 Fletching
28:12 Heavy Plow
30:03 Bow Saw
29:50 Stone Mining
30:10 Padded Archer Armor
33:31 Ballistics
34:08 Leather Archer Armor
33:49 Bodkin Arrow
34:47 Wheelbarrow
38:15 Imperial Age
38:35 Scale Barding Armor
38:41 Forging
38:54 Hand Cart
39:55 Chemistry
40:40 Conscription
41:15 Drill
40:35 Capped Ram
42:22 Gold Shaft Mining
43:04 Elite Mangudai
46:02 Siege Ram
46:57 Hussar
49:43 Bracer
50:03 Chain Barding Armor
50:19 Iron Casting
53:43 Stone Shaft Mining
55:14 Masonry
55:12 Siege Engineers
MANUEL CONTRERAS
1:17 Wheelbarrow
8:06 Loom
11:43 Feudal Age
13:15 Double-Bit Axe
13:13 Horse Collar
14:34 Fishing Lines
19:34 Fishing Lines
21:26 Bow Saw
22:56 Forging
22:52 Scale Barding Armor
22:48 Padded Archer Armor
26:13 Castle Age
24:56 Hand Cart
24:44 Heavy Plow
27:46 Gillnets
31:57 Burgundian Vineyards
36:08 Imperial Age
37:45 Two-Man Saw
37:18 Crop Rotation
37:28 Iron Casting
37:14 Chain Barding Armor
36:54 Padded Archer Armor
38:12 Chemistry
38:52 Ballistics
38:47 Stone Mining
38:48 Gold Mining
40:27 Stone Shaft Mining
40:45 Gold Shaft Mining
41:54 Elite Coustillier
48:04 Blast Furnace
47:20 Leather Archer Armor
62:40 Plate Barding Armor
Sex_Offender_69
7:59 Loom
11:21 Feudal Age
18:12 Castle Age
22:30 Padded Archer Armor
22:33 Scale Mail Armor
41:36 Scale Barding Armor
41:51 Elite Skirmisher
50:19 Imperial Age
49:47 Double-Bit Axe
60:49 Bow Saw
gokhandg100
13:23 Feudal Age
23:24 Scale Barding Armor
26:31 Castle Age
27:46 Chain Barding Armor
30:22 Double-Bit Axe
30:21 Horse Collar
36:54 Husbandry
37:05 Bloodlines
36:15 Light Cavalry
37:40 Wheelbarrow
37:18 Bow Saw
37:56 Heavy Plow
42:18 Imperial Age
42:35 Cavalier
44:00 Plate Barding Armor
44:57 Winged Hussar
53:36 Elite Leitis
57:18 Scale Mail Armor
56:43 Elite Leitis
Connection lost

Rejoining the realm…

Still unreachable

The connection could not be restored.

Session expired

The server has moved on; the page needs a fresh start.